 Dungeon Crawl Stone Soup version 0.24.1-14-gf8d2b509d9 (webtiles) character file.

Game seed: 5159166455698121053, levelgen mode: deterministic

189 Hugehornet the Chopper (level 5, -3/32 HPs)
             Began as a Gargoyle Fighter on May 18, 2020.
             Killed by divine providence
             ... invoked by an orc priest
              (15 damage)
             ... on level 3 of the Dungeon.
             The game lasted 00:03:09 (2430 turns).

Hugehornet the Chopper (Gargoyle Fighter)           Turns: 2430, Time: 00:03:10

Health: -3/32      AC: 13    Str: 20    XL:     5   Next: 68%
Magic:  5/5        EV:  5    Int:  9    God:
Gold:   201        SH:  9    Dex:  9    Spells: 4/4 levels left

rFire    . . .     SeeInvis .   a - +0 war axe
rCold    . . .     Gourm    .   c - +0 shield
rNeg     + + .     Faith    .   o - +0 chain mail
rPois    ∞         Spirit   .   (no helmet)
rElec    +         Reflect  .   (no cloak)
rCorr    .         Harm     .   (no gloves)
MR       .....                  (no boots)
Stlth    ..........             (no amulet)
HPRegen  0.10/turn              p - ring of positive energy
MPRegen  0.09/turn              (no ring)

@: no status effects
A: negative energy resistance 1, electricity resistance, unbreathing,
petrification resistance, rot immunity, AC +4
a: no special abilities


You were on level 3 of the Dungeon.
You were not hungry.

You visited 1 branch of the dungeon, and saw 3 of its levels.

You collected 201 gold pieces.

Inventory:

Hand Weapons
 a - a +0 war axe (weapon)
Armour
 b - a +0 scale mail
 c - a +0 shield (worn)
 o - a +0 chain mail (worn)
Jewellery
 p - a ring of positive energy (left hand)
Scrolls
 e - a scroll of amnesia
 j - a scroll of enchant weapon {unknown}
 m - a scroll of teleportation {unknown}
 n - a scroll of fog {unknown}
 q - a scroll of remove curse {unknown}
Potions
 d - a potion of might
 g - a potion of flight {unknown}
 h - 2 potions of curing
 i - 2 potions of heal wounds
 k - a potion of haste
Comestibles
 f - 6 rations


   Skills:
 - Level 3.2 Fighting
 + Level 5.2 Axes
 - Level 3.2 Armour
 - Level 3.2 Shields


You had 4 spell levels left.
You didn't know any spells.
Your spell library was empty.

Dungeon Overview and Level Annotations

Branches:
Dungeon (3/15)

Altars:


Innate Abilities, Weirdness & Mutations

You are resistant to torment.
Your stone body is resilient. (AC +4)
You are immune to poison.
You resist negative energy. (rN+)
You are resistant to electric shocks. (rElec)
You can survive without breathing.
You are immune to petrification.
You are immune to rotting.


Message History

Your chain mail prevents you from hitting the orc.
You hear a shout!
The orc hits you but does no damage.
The orc priest casts a cantrip, but nothing happens.
You hear a shout!
You hit the orc.
The orc is lightly wounded.
You block the orc's attack. x2
You closely miss the orc.
The orc is lightly wounded.
The orc priest mumbles some strange prayers to Beogh against you.
Beogh smites you! You block the orc's attack.
An orc comes into view.
All of the chunks of flesh in your inventory have rotted away.
You completely miss the orc.
The orc is lightly wounded.
You block the orc's attack.
The orc priest invokes the aid of Beogh against you.
Beogh smites you!
You die...

#.).# #.#
##
######..(#
#.#
.........#
#.#
#.####...#
#.# #...#
#.# ##..#
#.# ##.##
#.# #..#
.# ##@# .#
#o# .#
#o###.#
#oo...#
#o.#..#
##.#....#
#....#.#
#o##.# #
#.o ..


You could see an orc priest and 5 orcs.

Vanquished Creatures
  A crimson imp (D:2)
  A worker ant (D:2)
  6 adders (D:2)
  3 worms
  A dart slug (D:1)
  2 leopard geckos
  A ball python (D:1)
  6 bats
  4 giant cockroaches
  14 goblins
  A hobgoblin (D:2)
  4 jackals (D:1)
  6 kobolds
  4 frilled lizards
  13 rats
67 creatures vanquished.

Notes
Turn   | Place    | Note
-------+----------+-------------------------------------------
     0 | D:1      | Hugehornet the Gargoyle Fighter began the quest for the
                  | Orb.
     0 | D:1      | Reached XP level 1. HP: 14/14 MP: 1/1
    60 | D:1      | Reached skill level 2 in Axes
   151 | D:1      | Reached XP level 2. HP: 19/19 MP: 2/2
   425 | D:1      | Reached skill level 3 in Axes
   481 | D:1      | Reached XP level 3. HP: 23/23 MP: 3/3
  1163 | D:2      | Reached skill level 4 in Axes
  1163 | D:2      | Reached XP level 4. HP: 27/28 MP: 4/4
  1487 | D:2      | Reached XP level 5. HP: 29/32 MP: 5/5
  1677 | D:2      | Reached skill level 5 in Axes
  2430 | D:3      | Killed from afar by an orc priest

Levels and vault maps discovered:
D:1:      dpeg_arrival_erosion, layout_basic, minmay_rat_gold_closets
D:2:      layout_loops_ring, kennysheep_generic_room_6
D:3:      layout_basic

Skill      XL: |  1  2  3  4  5 |
---------------+----------------+-----
Axes           | 2 3 4 5 |  5.2
Fighting       | |  3.2
Armour         | |  3.2
Shields        | |  3.2

Action                   |  1- 3 |  4- 6 || total
-------------------------+-------+-------++-------
Melee: War axe           |   118 |   127 ||   245
  Use: Scroll            |       |     3 ||     3
  Eat: Chunk             |       |     5 ||     5
Armor: Scale mail        |    74 |    23 ||    97
       Chain mail        |       |    48 ||    48
Dodge: Dodged            |    45 |    32 ||    77
Block: Shield            |    52 |    76 ||   128
